← All builds
Front / Armada / Economy first / OBSERVED BUILD

Standard front

Armada Front build order · Supreme Isthmus

Economy-first opening with Bot Lab and Vehicle Plant up almost immediately, units trickle out as Blitz, Rocketeer, Pawn and Janus to hold the wider gap and feed the middle fight, the role's normal job.

#eco · 1819 distinct matches · 268 players · 74% of Armada Front games · team won 60% of 2120 · Recently observed

HOW TO PLAY IT

Key timing: T2 constructor by 7:43

  1. Open mex and wind, drop Bot Lab and Vehicle Plant almost immediately.
  2. Pump Blitz, Rocketeer and Pawn to the coast to stop leaks first.
  3. Add Centurion and Janus once first units are moving up.
  4. Form units into a line pushing toward middle as numbers grow.
  5. Upgrade to Advanced Metal Extractor as the economy transition kicks in.

Phase by phase

TYPICAL OF ITS 1819 GAMES
  1. 1
  2. 2
  3. 3
PLAY THE OPENING

Follow the example game's first 6:00 step by step: what to build now, what comes next, and where it goes. At 1× it keeps pace with your own game.

  1. 1

    Up to the Bot Lab

    Economy
    • Metal Extractor2Mex
    Order
    1. Bot LabBot Lab after 2 mex, 1 winddone ~0:44, middle half 0:33–0:57

    Some games also: wind (48%) · Vehicle Plant (36%)

    By 0:28 in all: 2 mex

    The example game in this phase · 3 steps
    1. Mex ×2
    2. Wind ×2
    3. Bot LabBot Labdone 0:45 · typical 0:44
  2. 2

    Bot Lab to 5:00

    Economy
    • Metal Extractor4Mex
    • Wind Turbine3Wind
    Builders
    • Construction Bot2 Con bot
    Army
    • Sentry1 Sentry
    • Rocketeer6 Rocketeer

    Some games also: Lazarus (49%) · tick (46%) · centurion (40%) · Radar Tower (32%) · con vehicle (31%)

    By 5:00 in all: 6 mex · 6 wind

    The example game in this phase · 29 steps
    1. LazarusLazarus
    2. PawnPawn ×3
    3. Wind
    4. LazarusLazarus
    5. PawnPawn ×4
    6. Solar
    7. PawnPawn ×2
    8. Construction BotCon bot
    9. PawnPawn ×3
    10. Construction BotCon bot
    11. PawnPawn ×2
    12. Con turret
    13. PawnPawn
    14. Mex
    15. Construction BotCon bot
    16. PawnPawn ×2
    17. Mex
    18. PawnPawn
    19. CenturionCenturion
    20. Wind
    21. Mex
    22. Wind
    23. CenturionCenturion
    24. SentrySentry
    25. Wind
    26. BeamerBeamer
    27. Wind
    28. CenturionCenturion
    29. Wind
  3. 3

    5:00 to 10:00

    Economy
    • Metal Extractor1Mex
    • Wind Turbine14Wind
    Builders
    • Construction Turret2 Con turret
    Army
    • Sentry1 Sentry

    Some games also: rocketeer (46%) · energy storage (43%) · Lazarus (38%) · con bot (38%) · Radar Tower (36%)

    By 10:00 in all: 7 mex · 24 wind · 1 energy storage · 3 con turret

    The example game in this phase · 55 steps
    1. Wind ×2
    2. CenturionCenturion
    3. Wind ×2
    4. Con turret
    5. Wind
    6. Dragon's TeethDragon's Teeth ×3
    7. Wind
    8. Dragon's TeethDragon's Teeth ×2
    9. CenturionCenturion
    10. Dragon's TeethDragon's Teeth ×2
    11. Wind
    12. Dragon's TeethDragon's Teeth ×2
    13. Wind
    14. CenturionCenturion
    15. Wind
    16. Converter
    17. CenturionCenturion
    18. Converter
    19. CenturionCenturion
    20. Converter
    21. TickTick
    22. Converter
    23. TickTick ×6
    24. Con turret
    25. TickTick ×3
    26. Con turret
    27. TickTick ×8
    28. Wind
    29. TickTick ×2
    30. Wind
    31. TickTick
    32. Wind
    33. TickTick
    34. Advanced Metal ExtractorT2 mexdone 9:56 · typical 9:01
    35. TickTick
    36. Wind
    37. TickTick
    38. Wind
    39. TickTick ×7
    40. Advanced Metal ExtractorT2 mex
    41. TickTick ×8
    42. Sneaky PeteSneaky Pete
    43. Advanced Metal ExtractorT2 mex
    44. TickTick ×21
    45. Construction BotCon bot
    46. TickTick ×8
    47. Con turret
    48. TickTick
    49. Con turret
    50. TickTick ×8
    51. PawnPawn ×15
    52. BeamerBeamer ×2
    53. PawnPawn
    54. BeamerBeamer
    55. PawnPawn ×4

Counts are medians over the build's games: half of them build more, half fewer. The example game is galactikraken's (31 OS, 13/08/2026); pick another.

Team trades

IN AT LEAST 30% OF ITS GAMES

You hand over

Nothing regular.

You get

  • Tidal Generator4 Tidal from Pondfirst at 0:17 · in 68% of games
  • Advanced Construction Bot1 T2 con bot from Geo or Techfirst at 7:25 · in 65% of games

How it plays out

Typical game of this build, running totals by minute

Metal produced

010k20k30k
0:005:0010:0015:00

metal

Enemy metal destroyed

05k10k
0:005:0010:0015:00

metal

Own metal lost

05k10k
0:005:0010:0015:00

metal

2120 games.

Show as table
ByMetal produced: This buildEnemy metal destroyed: This buildOwn metal lost: This build
1:0033300
2:008422131
3:001618135108
4:002699521333
5:0038461123782
6:00503119191420
7:00625927142290
8:00754435453155
9:00898843244049
10:001056950074780
11:001240355265547
12:001453759766399
13:001690964667001
14:001928672057853
15:002196378758731
WHAT THE NUMBERS SAY

Standard Front play wins more often than Suicide front and produces more metal by 15:00 while losing less of it.

  • + Metal produced reaches 22627 by 15:00, well above Suicide front's 20142.
  • + Own metal lost is 8944 by 15:00, lower than enemy metal destroyed ratio of Suicide front.
  • − First unit lost already at 1:43, showing exposure despite the safer position.
  • − Blitz dominates army share at 25%, leaving fewer Centurion for anti-swarm.
THE EXAMPLE YOU ARE READING

galactikraken

31.1 OS · 13/08/2026

Open source match ↗

16 received units · includes a constructor
22 metal received · 53979 energy received

Allied construction assistance is unknown. Timings are observations, not a promise of solo reproducibility.

Typical milestones

Bot Lab0:44Middle 50%: 0:33–0:57 · n=1428
Vehicle Plant0:47Middle 50%: 0:41–1:17 · n=1362
Advanced Metal Extractor9:01Middle 50%: 8:09–10:15 · n=1660

Played most by

haaven109games of this buildHummell108games of this buildLeohvm98games of this buildTheGeneraI77games of this buildXad69games of this build
Standard front · Armada Front build order · BAR Build Atlas